 Dungeon Crawl Stone Soup version 0.31.0-9-g3a7656b989 (webtiles) character file.

Game seed: 8116959089996627051

1883662 stipulation the Middleweight Champion (level 25, 251/251 HPs)
             Began as a Ghoul Monk on Jan 25, 2024.
             Was a High Priest of Wu Jian.
             Escaped with the Orb
             ... and 3 runes!
             The game lasted 00:40:45 (51386 turns).

stipulation the Middleweight Champion (Ghoul Monk) Turns: 51386, Time: 00:40:45

Health: 251/251    AC: 44    Str: 38 (39) XL:     25   Next: 57%
Magic:  23/23      EV:  8    Int:  9      God:    Wu Jian [*****.]
Gold:   7275       SH: 21    Dex: 11      Spells: 24/24 levels left

rFire   + +          +
                       - Unarmed
rCold   + + .        n - +1 tower shield {AC+3}
rNeg    + + +        h - +6 gold dragon scales
rPois   ∞            B - +4 hat of Axefa {rF+ Str+6}
rElec   .            S - +2 cloak {rF+}
rCorr   .            (no gloves)
SInv    .            H - +2 pair of boots
Will    ++++.        y - amulet of the Four Winds {rN+ Will+++ Clar} Stlth
                     r - +4 ring of slaying
HPRegen 0.61/turn    I - +6 ring of strength
MPRegen 0.18/turn

%: clarity
@: no status effects
A: claws 1, cold resistance 1, negative energy resistance 3, inhibited
regeneration, torment resistance 2, devour on kill
0: Orb of Zot
}: 3/15 runes: serpentine, barnacled, silver
a: Renounce Religion, Wall Jump, Serpent's Lash, Heavenly Storm


You escaped.
You worshipped Wu Jian.
Wu Jian was extremely pleased with you.
You visited 10 branches of the dungeon, and saw 46 of its levels.
You also visited: Bailey and Volcano.

You collected 11023 gold pieces.
You spent 3748 gold pieces at shops.

Inventory:

Missiles
 L - 5 throwing nets
Armour
 c - an orb of light
 h - +6 gold dragon scales (worn)
 n - a +1 tower shield of protection (worn)
 x - the +0 pair of boots "Wualasom" {+Inv Fly rC+}
   (You acquired it on level 2 of the Orcish Mines)

   rC+:       It protects you from cold.
   +Inv:      It lets you turn invisible.
   Fly:       It grants you flight.
 B - the +4 hat of Axefa (worn) {rF+ Str+6}
   (You acquired it on level 5 of the Dungeon)

   Str+6:     It affects your strength (+6).
   rF+:       It protects you from fire.
 H - a +2 pair of boots (worn)
 S - a +2 cloak of fire resistance (worn)
Jewellery
 r - a +4 ring of slaying (left claw)
 y - the amulet of the Four Winds (around neck) {rN+ Will+++ Clar}
   (You found it on level 4 of the Shoals)

   [amulet of nothing]

   rN+:       It protects you from negative energy.
   Will+++:   It greatly increases your willpower.
   Clar:      It protects you from confusion, rage, mesmerisation and fear.
 I - a +6 ring of strength (right claw)
 R - a ring of flight
 Z - an amulet of reflection
Wands
 o - a wand of acid (42) (quivered)
 w - a wand of iceblast (57)
 W - a wand of flame (29)
Scrolls
 a - 3 scrolls of blinking
 e - 12 scrolls of poison
 j - 26 scrolls of teleportation
 k - a scroll of brand weapon
 q - 9 scrolls of vulnerability
 s - 24 scrolls of identify
 t - 5 scrolls of noise
 u - 10 scrolls of fog
 v - 5 scrolls of torment
 z - 6 scrolls of revelation
 C - 8 scrolls of enchant weapon
 E - 8 scrolls of fear
 F - 3 scrolls of silence
 G - 9 scrolls of immolation
 O - 6 scrolls of amnesia
 Q - 4 scrolls of summoning
Potions
 b - 4 potions of ambrosia
 d - 8 potions of mutation
 f - 24 potions of curing
 g - 8 potions of attraction
 l - 6 potions of enlightenment
 m - 12 potions of heal wounds
 p - 5 potions of lignification
 A - 11 potions of invisibility
 J - 5 potions of resistance
 K - 5 potions of might
 M - 7 potions of cancellation
 P - 3 potions of magic
 T - 10 potions of haste
Miscellaneous
 D - a phial of floods


   Skills:
 + Level 25.7 Fighting
 + Level 21.8 Armour
 - Level 2.6 Dodging
 - Level 20.0 Shields
 O Level 27 Unarmed Combat


You had 24 spell levels left.
You didn't know any spells.
Your spell library contained the following spells:

 Spells                   Type           Power      Damage    Failure   Level
 Apportation              Tloc           0%         N/A       97%         1
 Foxfire                  Conj/Fire      0%         2x1d4     97%         1
 Magic Dart               Conj           0%         1d3       97%         1
 Necrotise                Necr           0%         1d4       97%         1
 Shock                    Conj/Air       0%         1d3       97%         1
 Sting                    Conj/Alch      0%         1d3       97%         1
 Summon Small Mammal      Summ           0%         N/A       97%         1
 Call Imp                 Summ           0%         N/A       99%         2
 Cigotuvi's Dreadful Rot  Necr/Alch/Air  0%         N/A       99%         2
 Ensorcelled Hibernation  Hex/Ice        0%         N/A       99%         2
 Jinxbite                 Hex            0%         N/A       99%         2
 Mercury Vapours          Alch/Air       0%         N/A       99%         2
 Scorch                   Fire           0%         2d5       99%         2
 Searing Ray              Conj           0%         2d4       99%         2
 Static Discharge         Conj/Air       0%         3-3/arc   99%         2
 Call Canine Familiar     Summ           0%         N/A       100%        3
 Dazzling Flash           Conj/Hex       0%         N/A       100%        3
 Frozen Ramparts          Ice            0%         1d1       100%        3
 Fugue of the Fallen      Necr           0%         N/A       100%        3
 Gell's Gravitas          Tloc           0%         N/A       100%        3
 Mephitic Cloud           Conj/Alch/Air  0%         N/A       100%        3
 Ozocubu's Armour         Ice            0%         N/A       100%        3
 Passwall                 Erth           0%         N/A       100%        3
 Summon Ice Beast         Ice/Summ       0%         N/A       100%        3
 Swiftness                Air            0%         N/A       100%        3
 Teleport Other           Tloc           0%         N/A       100%        3
 Tukima's Dance           Hex            0%         N/A       100%        3
 Airstrike                Air            0%         2d(0-16)  100%        4
 Anguish                  Hex/Necr       0%         N/A       100%        4
 Cause Fear               Hex            0%         N/A       100%        4
 Flame Wave               Conj/Fire      0%         2d4       100%        4
 Fulminant Prism          Conj/Alch      0%         3d5       100%        4
 Ignite Poison            Fire/Alch      0%         N/A       100%        4
 Leda's Liquefaction      Alch/Erth      0%         N/A       100%        4
 Manifold Assault         Tloc           0%         N/A       100%        4
 Martyr's Knell           Necr/Summ      0%         N/A       100%        4
 Olgreb's Toxic Radiance  Alch           0%         N/A       100%        4
 Passage of Golubria      Tloc           0%         N/A       100%        4
 Petrify                  Alch/Erth      0%         N/A       100%        4
 Sticky Flame             Fire/Alch      0%         2d4       100%        4
 Summon Blazeheart Golem  Fire/Summ      0%         N/A       100%        4
 Vhi's Electric Charge    Tloc/Air       0%         N/A       100%        4
 Alistair's Intoxication  Alch           0%         N/A       100%        5
 Freezing Cloud           Conj/Ice/Air   0%         6-21      100%        5
 Irradiate                Conj/Alch      0%         3d11      100%        5
 Metabolic Englaciation   Hex/Ice        0%         N/A       100%        5
 Silence                  Hex/Air        0%         N/A       100%        5
 Yara's Violent Unravell  Hex/Alch       0%         3d3       100%        5
 Dispersal                Tloc           0%         N/A       100%        6
 Plasma Beam              Fire/Air       0%         2x1d10    100%        6
 Sculpt Simulacrum        Ice/Alch       0%         N/A       100%        6
 Starburst                Conj/Fire      0%         6d3       100%        6
 Summon Cactus Giant      Summ           0%         N/A       100%        6
 Enfeeble                 Hex            0%         N/A       100%        7
 Malign Gateway           Summ/Tloc      0%         N/A       100%        7
 Ozocubu's Refrigeration  Ice            0%         4d7       100%        7
 Summon Hydra             Summ           0%         N/A       100%        7
 Discord                  Hex            0%         N/A       100%        8
 Disjunction              Tloc           0%         N/A       100%        8
 Lehudib's Crystal Spear  Conj/Erth      0%         10d2      100%        8
 Maxwell's Capacitive Co  Air            0%         ∞         100%        8
 Summon Horrible Things   Summ           0%         N/A       100%        8
 Polar Vortex             Ice            0%         N/A       100%        9
 Sublimation of Blood     Necr           Unusable   N/A       N/A         2

Dungeon Overview and Level Annotations

Branches:
Dungeon (15/15)            Temple (1/1) D:5            Lair (5/5) D:10
 Shoals (4/4) Lair:3        Snake (4/4) Lair:3        Slime (0/5) Lair:4
    Orc (2/2) D:10            Elf (0/3) Orc:2        Vaults (5/5) D:14
  Crypt (1/3) Vaults:3     Depths (4/4) D:15            Zot (5/5) Depths:4
 Bailey (visited)         Volcano (visited)

Altars:
Ashenzari
Cheibriados
Dithmenos
Fedhas
Gozag
Hepliaklqana
Kikubaaqudgha
Makhleb
Nemelex Xobeh
Okawaru
Qazlal
Ru
Sif Muna
Trog
Uskayaw
Vehumet
Wu Jian
Xom
Yredelemnul

Shops:
D:1 (   D:6 [   D:7 [   D:12 :   Orc:2 ??   Shoals:1 !   Vaults:1 =   Zot:3 *
Depths:2 *

Portals:
Hell: Depths:1 Depths:2 Depths:3 Depths:4
Abyss: Depths:3 Depths:4
Pandemonium: Depths:2 Depths:4
Ziggurat: Depths:2
Trove: D:13 (give +7 demon blade)

Annotations:
Zot:3 3 runed translucent doors, exclusion: obsidian statue, ShutUppercut's ghost, legendary DsGl
Zot:5 1 transporter


Innate Abilities, Weirdness & Mutations

You are immune to poison.
You have sharp fingernails.
Your flesh is cold resistant. (rC+)
You are immune to negative energy. (rN+++)
You do not regenerate when monsters are visible.
You are immune to unholy pain and torment.
You thrive by killing the living.


Message History

You spin and attack the bullfrog repeatedly, with incredible momentum.
You scratch the bullfrog.
The bullfrog is lightly wounded.
You eviscerate the bullfrog!!!!
You blow up the bullfrog!
The Council accepts your kill.
You feel better.
Your supernatural speed expires.
Things that are here:
a +0 whip; a +0 robe What level of the Dungeon? (default 1, ? - help)
You see here a +0 falchion.
You feel less exhausted.
There is a stone staircase leading up here.
You climb upwards.
There is a stone staircase leading down here.
There is a stone staircase leading up here.
You climb upwards.
There is a stone staircase leading down here.
HP restored.
There is a stone staircase leading up here.
You climb upwards.
There is a stone staircase leading down here.
You see here a +0 quarterstaff.
Items here: )) [[.
There is a stone staircase leading up here.
You climb upwards.
There is a stone staircase leading down here.
There is an open door here.
Items here: )))).
There is a stone staircase leading up here.
You climb upwards.
There is a stone staircase leading down here.
There is a stone staircase leading up here.
You climb upwards.
There is a stone staircase leading down here.
There is an open door here.
There is a staircase leading out of the dungeon here.
What level of the Dungeon? (default 1, ? - help) You're already here!
You have escaped!

#........###'###........#..#
#.(..##..#8...8#..##....#..#
#...####.##.#.##.####...#..#
#....##..#8.#)8#..##....#..#
#........##.#.##........#..#
#.########8...8########.#..#
#.#8#8#8#8#...#8#8#8#8#.#..#
##.#...................#.#..#
####..'.#####...@...#####.'....#
......#...................#....##
.####.#8#8#8#8#...#8#8#8#8#.#....
## #.########8...8########.#..##
# #........##.#.##........#..# #
#....##..#8.#.8#..##....#..# ##
#...####.##.#.##.####...#..# .#
#....##..#8...8#..##...)#..#
.####........###'###..........##


There were no monsters in sight!

Vanquished Creatures
  A dread lich (Vaults:5)
  An ancient lich (Vaults:5)
  Mennas (Depths:4)
  Xtahua (Vaults:5)
  Vv (Depths:2)
  Sojobo (Depths:3)
  Parghit (Depths:4)
  The ghost of jlumianski the Warrior, a veteran KoBe of Trog (Vaults:2)
  3 curse toes
  12 golden dragons
  Norris (Vaults:2)
  the Enchantress (Depths:3)
  Nikola (Shoals:4)
  2 bone dragons (Depths:4)
  4 electric golems
  A Tzitzimitl (Depths:3)
  A walking crystal tome (Depths:4)
  17 tentacled monstrosities
  Rupert (Depths:3)
  Zenata (Vaults:2)
  An Ice Fiend (D:12)
  Asterion (Depths:3)
  A walking earthen tome (Depths:2)
  4 quicksilver dragons
  2 liches
  12 Orb Guardians (Zot:5)
  4 sphinxes
  An ancient champion (Depths:3)
  7 titans (Vaults:5)
  9 death cobs
  Aizul (Snake:3)
  6 tengu reavers
  Agnes (Depths:3)
  7 shadow dragons
  14 storm dragons
  Donald (Shoals:4)
  4 protean progenitors
  2 draconian monks
  2 nagarajas (Snake:4)
  A draconian knight (Zot:4)
  6 fire giants
  4 frost giants
  A draconian shifter (Zot:4)
  15 vault wardens
  2 ghost moths (Zot:3)
  A balrug (Depths:2)
  A deep elf sorcerer (Vaults:5)
  6 iron dragons
  Louise (D:14)
  2 draconian stormcallers
  4 draconian scorchers
  A reaper (D:12)
  A curse skull (Vaults:3)
  16 ironbound preservers
  9 stone giants
  3 formless jellyfish
  6 vampire knights
  A draconian annihilator (Zot:5)
  6 spriggan defenders
  7 green draconians
  A deep elf annihilator (D:13)
  6 ironbound thunderhulks
  10 very ugly things
  A deep elf death mage (Vaults:5)
  4 black draconians
  A lorocyproca (Zot:1)
  4 white draconians
  3 war gargoyles
  5 purple draconians
  9 red draconians
  4 yellow draconians
  Azrael (Snake:3)
  The ghost of Vadun the Protected, a journeyman MiFi of the Shining One (Lair:3)
  9 spark wasps
  An eidolon (Depths:1)
  A deep elf demonologist (Vaults:5)
  3 dire elephants (Vaults:3)
  A crystal guardian (Vaults:4)
  A blizzard demon (Zot:1)
  12 ettins
  A green death (Depths:1)
  7 fire dragons
  A merfolk javelineer (Shoals:4)
  13 merfolk impalers
  3 entropy weavers
  5 rakshasas
  A deep elf high priest (Vaults:5)
  29 vault guards
  17 yaktaur captains
  6 ice dragons
  A hell beast (Depths:1)
  5 great orbs of eyes
  2 catoblepae
  A peacekeeper (Vaults:4)
  5 spriggan air magi
  2 hydras
  5 ogre magi
  A merfolk avatar (Shoals:1)
  4 salamander tyrants
  5 merfolk aquamancers (Shoals:4)
  5 boulder beetles
  8 ironbound frosthearts
  A radroach (shapeshifter) (Vaults:5)
  16 anacondas
  8 two-headed ogres
  2 alligator snapping turtles
  4 tengu warriors
  3 vampire magi
  A dancing weapon (Vaults:2)
  A satyr (Shoals:4)
  15 centaur warriors
  14 naga warriors
  A death scarab (Depths:1)
  8 deep troll earth magi
  6 spriggan berserkers
  A sphinx skeleton (D:15)
  An orc high priest (Bailey)
  A titan zombie (Vaults:1)
  6 deep troll shamans
  11 naga sharpshooters
  12 shock serpents
  A shock serpent (shapeshifter) (Vaults:5)
  8 skysharks
  3 occultists
  4 fire crabs (Zot:1)
  2 soul eaters
  14 hell knights
  2 sun demons
  7 iron trolls
  8 salamander mystics
  9 skeletal warriors
  2 glowing orange brains
  A flayed ghost (Vaults:5)
  13 mana vipers
  8 shadow wraiths (Depths:3)
  7 naga ritualists
  A mana viper (shapeshifter) (Vaults:5)
  4 shadow demons
  16 sea snakes
  A tengu zombie (Vaults:1)
  A death drake (shapeshifter) (Vaults:5)
  13 lindwurms
  43 deep trolls
  19 ironbound convokers
  7 arcanists
  9 phantasmal warriors
  Pikel (D:7)
  6 deep elf pyromancers
  32 harpies
  2 orc knights
  6 orc sorcerers (Orc:2)
  5 necromancers
  5 fauns
  24 ugly things
  A stone giant zombie (Vaults:1)
  7 cyclopes
  21 salamanders
  A moth of wrath (shapeshifter) (Vaults:5)
  Maurice (D:10)
  36 black mambas
  7 merfolk sirens
  17 moths of wrath
  15 manticores
  A rust devil (Depths:2)
  5 elephants
  3 kobold blastminers (Orc:2)
  22 vault sentinels
  20 naga magi
  4 gargoyles (Volcano)
  An elf skeleton (Vaults:4)
  6 molten gargoyles (Volcano)
  2 water nymphs
  A water nymph (shapeshifter) (Vaults:3)
  3 torpor snails (Zot:1)
  13 cane toads
  11 guardian serpents
  Maggie (D:7)
  A smoke demon (Depths:4)
  An unseen horror (D:11)
  15 komodo dragons
  Jeremiah (D:7)
  A hellion (Depths:4)
  Psyche (D:10)
  3 kobold demonologists
  42 yaktaurs
  5 tengu conjurers
  3 freezing wraiths
  4 polar bears
  A tarantella (shapeshifter) (D:14)
  6 trolls
  11 wind drakes
  2 tyrant leeches (Zot:4)
  2 spectral dream sheep (Lair:3)
  21 merfolk
  8 hornets
  5 blink frogs (Lair:4)
  9 snapping turtles
  2 spriggan zombies (D:15)
  Grinder (D:5)
  17 dream sheep
  20 slime creatures
  A spectral black mamba (Lair:3)
  2 shadows
  2 centaur simulacra
  6 wraiths
  A spriggan (shapeshifter) (D:10)
  An ettin skeleton (Vaults:1)
  3 culicivoras
  20 spriggans
  3 vampires
  2 water elementals
  A yak (shapeshifter) (D:11)
  8 wyverns
  The ghost of Hsik the Chopper, an amateur HOFi of Lugonu (D:4)
  70 yaks
  9 wargs
  8 basilisks
  11 vampire mosquitoes
  A redback (shapeshifter) (Depths:2)
  A redback (Vaults:1)
  A spectral cane toad (Lair:3)
  41 nagas
  An acid dragon (D:10)
  17 water moccasins
  6 hell hounds
  A hydra simulacrum (Lair:3)
  3 black bears (Lair:5)
  An ettin simulacrum (Vaults:4)
  3 ice beasts
  24 orc warriors
  A sky beast (D:8)
  2 elf simulacra (Vaults:1)
  A black mamba simulacrum (Lair:3)
  4 laughing skulls
  5 boggarts (Lair:5)
  12 ogres
  57 wolves
  7 centaurs
  A lemure (D:7)
  2 kobold brigands
  3 human zombies
  12 bullfrogs
  4 gnoll sergeants
  3 scorpions
  8 earth elementals (D:15)
  8 wights
  7 electric eels
  6 howler monkeys
  A bombardier beetle (D:5)
  4 hounds
  A komodo dragon simulacrum (Lair:3)
  4 jellies
  20 orc priests
  3 iguanas (D:5)
  A sleepcap (D:6)
  3 gnoll boudas
  29 orc wizards
  Ijyb (D:5)
  4 hell rats (Lair:3)
  39 gnolls
  4 adders
  2 white imps (D:8)
  2 ufetubi (D:6)
  6 dart slugs
  87 orcs
  4 ball pythons
  14 endoplasms
  3 giant cockroaches
  20 goblins
  19 hobgoblins
  4 quokkas
  4 bats
  2 frilled lizards
  5 kobolds
  6 rats
  An aspiring flesh (Zot:1)
  2 butterflies
1896 creatures vanquished.

Vanquished Creatures (others)
  A white draconian (Zot:3)
  2 orc wizards (Orc:2)
  An orc (Orc:2)
4 creatures vanquished.

Grand Total: 1900 creatures vanquished

Notes
Turn   | Place    | Note
-------+----------+-------------------------------------------
     0 | D:1      | stipulation the Ghoul Monk began the quest for the Orb.
     0 | D:1      | Reached XP level 1. HP: 19/19 MP: 1/1
    92 | D:1      | Reached XP level 2. HP: 17/26 MP: 2/2
   133 | D:1      | Found Xaget's Antique Weapon Shoppe.
   186 | D:1      | Reached skill level 4 in Unarmed Combat
   368 | D:1      | Reached XP level 3. HP: 31/31 MP: 3/3
   876 | D:2      | Reached skill level 5 in Unarmed Combat
   881 | D:2      | Reached XP level 4. HP: 12/38 MP: 4/4
  1090 | D:2      | Found a faded altar of an unknown god.
  1372 | D:2      | Found an opulent altar of Gozag.
  1425 | D:2      | Reached skill level 6 in Unarmed Combat
  1426 | D:2      | Reached XP level 5. HP: 31/45 MP: 5/5
  2838 | D:4      | Found a runed translucent door.
  2840 | D:4      | Noticed Hsik's ghost (amateur HOFi)
  2847 | D:4      | Reached skill level 7 in Unarmed Combat
  2855 | D:4      | Reached XP level 6. HP: 46/51 MP: 6/6
  3099 | D:4      | Reached skill level 8 in Unarmed Combat
  3325 | D:4      | Reached XP level 7. HP: 47/57 MP: 7/7
  3679 | D:4      | Killed Hsik's ghost
  3680 | D:4      | Reached skill level 9 in Unarmed Combat
  3861 | D:5      | Entered Level 5 of the Dungeon
  3895 | D:5      | Noticed Ijyb
  3905 | D:5      | Killed Ijyb
  4089 | D:5      | Reached skill level 10 in Unarmed Combat
  4121 | D:5      | Reached XP level 8. HP: 59/63 MP: 8/8
  4294 | D:5      | Noticed Grinder
  4294 | D:5      | Paralysed by Grinder for 2 turns
  4316 | D:5      | Killed Grinder
  4317 | D:5      | Reached skill level 11 in Unarmed Combat
  4505 | D:5      | Found a staircase to the Ecumenical Temple.
  4797 | Temple   | Entered the Ecumenical Temple
  4826 | Temple   | Became a worshipper of the Wu Jian Council
  4826 | Temple   | Reached * piety under Wu Jian
  4826 | Temple   | Reached ** piety under Wu Jian
  4954 | D:5      | Identified 4 scrolls of acquirement
  4959 | D:5      | Acquired a manual of Unarmed Combat
  4963 | D:5      | Acquired 693 gold pieces
  4967 | D:5      | Acquired the +4 hat of Axefa {rF+ Str+6}
  4979 | D:5      | Acquired 802 gold pieces
  5153 | D:6      | Reached skill level 12 in Unarmed Combat
  5327 | D:6      | Reached skill level 13 in Unarmed Combat
  5672 | D:6      | Reached XP level 9. HP: 70/70 MP: 9/9
  5779 | D:6      | Reached skill level 14 in Unarmed Combat
  5780 | D:6      | Found Suys's Antique Armour Emporium.
  5784 | D:6      | Bought a cloak for 117 gold pieces
  6067 | D:7      | Found Kodeno's Armour Boutique.
  6085 | D:7      | Reached skill level 15 in Unarmed Combat
  6088 | D:7      | Bought a +1 helmet of see invisible for 181 gold pieces
  6184 | D:7      | Reached *** piety under Wu Jian
  6200 | D:7      | Reached skill level 16 in Unarmed Combat
  6306 | D:7      | Noticed Maggie
  6320 | D:7      | Killed Maggie
  6321 | D:7      | Reached skill level 17 in Unarmed Combat
  6398 | D:7      | Noticed Pikel
  6402 | D:7      | Killed Pikel
  6403 | D:7      | Reached skill level 18 in Unarmed Combat
  6403 | D:7      | Reached XP level 10. HP: 76/77 MP: 10/10
  6475 | D:7      | Noticed Jeremiah
  6484 | D:7      | Killed Jeremiah
  6820 | D:8      | Identified the +1 chain mail of the Shoals {Fly Regen+
                  | Dex-2}
  7061 | D:8      | Found an opulent altar of Gozag.
  7067 | D:8      | Found a hide-covered altar of Uskayaw.
  7240 | D:8      | Found a shimmering blue altar of Sif Muna.
  7282 | D:8      | Reached skill level 19 in Unarmed Combat
  7624 | D:9      | Found a hazy altar of Hepliaklqana.
  7694 | D:9      | Reached **** piety under Wu Jian
  7966 | D:10     | Entered Level 10 of the Dungeon
  8024 | D:10     | Noticed a skeletal warrior
  8024 | D:10     | Noticed a skeletal warrior
  8025 | D:10     | Noticed a skeletal warrior
  8028 | D:10     | Killed a skeletal warrior
  8085 | D:9      | Killed a skeletal warrior
  8086 | D:9      | Reached skill level 20 in Unarmed Combat
  8135 | D:10     | Killed a skeletal warrior
  8136 | D:10     | Reached XP level 11. HP: 60/82 MP: 11/11
  8222 | D:10     | Noticed a boulder beetle
  8245 | D:10     | Noticed a centaur warrior
  8246 | D:10     | Killed a centaur warrior
  8254 | D:10     | Found a shimmering altar of Xom.
  8407 | D:10     | Noticed Psyche
  8414 | D:10     | Killed Psyche
  8415 | D:10     | Reached skill level 21 in Unarmed Combat
  8416 | D:10     | Noticed a tengu warrior
  8433 | D:10     | Killed a tengu warrior
  8477 | D:10     | Noticed Maurice
  8492 | D:10     | Killed Maurice
  8513 | D:10     | Identified the +3 mace of the Resonant God {vamp, *Noise
                  | rElec rN++ Dex+2}
  8553 | D:10     | Found a flagged portal.
  8561 | Bailey   | Entered a bailey
  8656 | Bailey   | Found an iron altar of Okawaru.
  8656 | Bailey   | Noticed an orc high priest
  8662 | Bailey   | Killed an orc high priest
  8743 | Bailey   | Noticed an orc knight
  8756 | Bailey   | Killed an orc knight
  8757 | Bailey   | Reached skill level 22 in Unarmed Combat
  8870 | Bailey   | Reached XP level 12. HP: 82/89 MP: 12/12
  8870 | Bailey   | Reached ***** piety under Wu Jian
  9109 | D:10     | Noticed a catoblepas
  9120 | D:10     | Killed a catoblepas
  9207 | D:10     | Killed a boulder beetle
  9246 | D:10     | Identified the +3 mace of the Ass {elec, *Rage rElec rC+
                  | rN+ Will+}
  9290 | D:10     | Reached skill level 23 in Unarmed Combat
  9385 | D:10     | Found Rifudag's Magic Scroll Shop.
  9394 | D:10     | Bought a scroll of enchant weapon for 105 gold pieces
  9394 | D:10     | Bought a scroll of teleportation for 42 gold pieces
  9394 | D:10     | Bought a scroll of amnesia for 56 gold pieces
  9394 | D:10     | Bought a scroll of fog for 56 gold pieces
  9394 | D:10     | Bought a scroll of enchant armour for 105 gold pieces
  9394 | D:10     | Bought a scroll of fog for 56 gold pieces
  9396 | D:10     | Found a staircase to the Lair.
  9496 | D:10     | Found a staircase to the Orcish Mines.
 10210 | D:11     | Found a hide-covered altar of Uskayaw.
 10443 | Lair:1   | Entered Level 1 of the Lair of Beasts
 10504 | Lair:1   | Reached skill level 24 in Unarmed Combat
 10663 | Lair:1   | Reached XP level 13. HP: 94/94 MP: 13/13
 11435 | Lair:2   | You fall into a shaft and drop 2 floors!
 11455 | Lair:4   | Reached ****** piety under Wu Jian
 11462 | Lair:4   | Reached skill level 25 in Unarmed Combat
 12264 | Lair:4   | Found a staircase to the Slime Pits.
 12317 | Lair:4   | Reached skill level 26 in Unarmed Combat
 12533 | Lair:3   | Found a dark tunnel.
 12541 | Volcano  | Entered a volcano
 12571 | Volcano  | Reached XP level 14. HP: 102/102 MP: 14/14
 12644 | Volcano  | Noticed an orb of fire
 12722 | Volcano  | Noticed a red draconian
 12729 | Volcano  | Killed a red draconian
 12737 | Volcano  | Noticed an orb of fire
 13140 | Lair:3   | Found a staircase to the Snake Pit.
 13285 | Lair:3   | Found a runed translucent gate.
 13286 | Lair:3   | Found a runed translucent gate.
 13287 | Lair:3   | Found a runed translucent gate.
 13300 | Lair:3   | Noticed Vadun's ghost (journeyman MiFi)
 13449 | Lair:3   | Found a staircase to the Shoals.
 13671 | Lair:3   | Reached skill level 27 in Unarmed Combat
 13682 | Lair:3   | Identified the +1 ring mail of Hoxox {rElec Will- Regen+
                  | Slay+5}
 13686 | Lair:3   | Reached skill level 1 in Armour
 13851 | Lair:3   | Killed Vadun's ghost
 14271 | Lair:2   | Reached skill level 5 in Fighting
 15169 | Lair:5   | Entered Level 5 of the Lair of Beasts
 15234 | Lair:5   | Reached skill level 1 in Shields
 15781 | Lair:5   | Reached skill level 5 in Armour
 15781 | Lair:5   | Reached XP level 15. HP: 118/118 MP: 15/15
 16282 | D:12     | Reached skill level 5 in Shields
 17010 | D:12     | Found Keul Sul's Book Shop.
 18219 | D:13     | Found a portal to a secret trove of treasure.
 18686 | D:14     | You fall into a shaft and drop 1 floor!
 18686 | D:15     | Entered Level 15 of the Dungeon
 18915 | D:15     | Found a staircase to the Depths.
 19744 | D:14     | Reached skill level 10 in Fighting
 20083 | D:14     | Found a gate to the Vaults.
 20188 | D:14     | Found a shadowy altar of Dithmenos.
 20189 | D:14     | Noticed Louise
 20203 | D:14     | Killed Louise
 20714 | Snake:1  | Entered Level 1 of the Snake Pit
 20769 | Snake:1  | Reached XP level 16. HP: 121/136 MP: 14/16
 22557 | Snake:2  | Reached skill level 10 in Armour
 23201 | Snake:3  | Identified the serpent talisman "Bocis" {rC+ rN+}
 23201 | Snake:3  | Noticed Aizul
 23216 | Snake:3  | Killed Aizul
 23217 | Snake:3  | Reached skill level 10 in Shields
 23515 | Snake:3  | Noticed Azrael
 23523 | Snake:3  | Killed Azrael
 23612 | Snake:3  | Reached XP level 17. HP: 143/149 MP: 17/17
 24779 | Shoals:1 | Entered Level 1 of the Shoals
 24835 | Shoals:1 | Identified the +0 cloak "Wubut" {rN+ Dex-3 Stlth+}
 25058 | Shoals:1 | Found Edithuzu's Distillery.
 25069 | Shoals:1 | Bought a potion of resistance for 150 gold pieces
 25069 | Shoals:1 | Bought 2 potions of heal wounds for 150 gold pieces
 25069 | Shoals:1 | Bought a potion of haste for 150 gold pieces
 25069 | Shoals:1 | Bought a potion of cancellation for 120 gold pieces
 25069 | Shoals:1 | Bought a potion of degeneration for 15 gold pieces
 25069 | Shoals:1 | Bought a potion of brilliance for 60 gold pieces
 25329 | Shoals:1 | Acquired 827 gold pieces
 25333 | Shoals:1 | Acquired 1102 gold pieces
 26782 | Shoals:3 | Identified the +8 long sword "Ziovyn" {freeze, rElec rPois
                  | Dex+4}
 26846 | Shoals:3 | Identified the +5 ring mail of the Harp {-Tele rPois rC+
                  | Str+3}
 27229 | Orc:1    | Entered Level 1 of the Orcish Mines
 27281 | Orc:2    | Entered Level 2 of the Orcish Mines
 27316 | Orc:2    | Found a staircase to the Elven Halls.
 27607 | Orc:2    | Paralysed by an ogre mage for 3 turns
 27611 | Orc:2    | Reached XP level 18. HP: 78/162 MP: 18/18
 27626 | Orc:2    | Found Ivilon Isoc's Magic Scroll Emporium.
 27642 | Orc:2    | Found Etokogay's Distillery.
 27693 | Orc:2    | Reached skill level 15 in Fighting
 27804 | Orc:2    | Bought a potion of curing for 48 gold pieces
 27804 | Orc:2    | Bought a potion of heal wounds for 80 gold pieces
 27804 | Orc:2    | Bought a potion of enlightenment for 80 gold pieces
 27804 | Orc:2    | Bought a potion of enlightenment for 80 gold pieces
 27804 | Orc:2    | Bought a potion of might for 64 gold pieces
 27804 | Orc:2    | Bought a potion of heal wounds for 80 gold pieces
 27804 | Orc:2    | Bought a potion of curing for 48 gold pieces
 27804 | Orc:2    | Bought a potion of heal wounds for 80 gold pieces
 27804 | Orc:2    | Bought a potion of attraction for 48 gold pieces
 27804 | Orc:2    | Bought a potion of attraction for 48 gold pieces
 27804 | Orc:2    | Bought a potion of attraction for 48 gold pieces
 28018 | Orc:2    | Bought a scroll of identify for 32 gold pieces
 28018 | Orc:2    | Bought a scroll of fear for 64 gold pieces
 28018 | Orc:2    | Bought a scroll of identify for 32 gold pieces
 28018 | Orc:2    | Bought a scroll of teleportation for 48 gold pieces
 28018 | Orc:2    | Bought a scroll of teleportation for 48 gold pieces
 28018 | Orc:2    | Bought a scroll of fog for 64 gold pieces
 28078 | Orc:2    | Found Idiewk's Magic Scroll Shoppe.
 28083 | Orc:2    | Bought a scroll of acquirement for 676 gold pieces
 28083 | Orc:2    | Bought a scroll of identify for 26 gold pieces
 28083 | Orc:2    | Bought a scroll of identify for 26 gold pieces
 28083 | Orc:2    | Bought a scroll of identify for 26 gold pieces
 28083 | Orc:2    | Bought a scroll of torment for 123 gold pieces
 28083 | Orc:2    | Bought a scroll of torment for 123 gold pieces
 28083 | Orc:2    | Bought a scroll of summoning for 123 gold pieces
 28435 | Orc:2    | Acquired the +0 pair of boots "Wualasom" {+Inv Fly rC+}
 28440 | Orc:2    | Acquired the amulet of Fanaticism {Faith rCorr Stlth+}
 28670 | Shoals:4 | Entered Level 4 of the Shoals
 28681 | Shoals:4 | Identified the -2 kite shield "Xepeuja" {+Blink rN+}
 28681 | Shoals:4 | Noticed Donald
 28692 | Shoals:4 | Killed Donald
 29128 | Shoals:4 | Found the amulet of the Four Winds {rN+ Will+++ Clar}
 29254 | Shoals:4 | Noticed Nikola
 29269 | Shoals:4 | Killed Nikola
 29403 | Shoals:4 | Got a barnacled rune of Zot
 29848 | Shoals:4 | Got the Compendium of the Cumulonimbus
 30075 | Snake:4  | Entered Level 4 of the Snake Pit
 31139 | Snake:4  | Reached XP level 19. HP: 174/174 MP: 19/19
 31339 | Snake:4  | Reached skill level 15 in Shields
 31570 | Snake:4  | Got a serpentine rune of Zot
 31971 | Vaults:1 | Entered Level 1 of the Vaults
 32613 | Vaults:1 | Found Lozoi's Jewellery Shop.
 34189 | Vaults:2 | Reached skill level 15 in Armour
 34198 | Vaults:2 | Reached XP level 20. HP: 185/187 MP: 20/20
 34568 | Vaults:2 | Found a runed translucent door.
 34568 | Vaults:2 | Found a shimmering altar of Xom.
 34568 | Vaults:2 | Noticed jlumianski's ghost (veteran KoBe)
 34680 | Vaults:2 | Noticed Norris
 34696 | Vaults:2 | Killed Norris
 34765 | Vaults:2 | Found Facs's Distillery.
 35262 | Vaults:2 | Noticed Zenata
 35305 | Vaults:2 | Killed Zenata
 35507 | Vaults:2 | Identified the +3 scale mail "Runun" {Dex+4}
 35666 | Vaults:2 | Killed jlumianski's ghost
 36292 | Vaults:3 | Found a staircase to the Crypt.
 37010 | Crypt:1  | Entered Level 1 of the Crypt
 37094 | Vaults:4 | Reached XP level 21. HP: 165/199 MP: 21/21
 38422 | Vaults:5 | Entered Level 5 of the Vaults
 38425 | Vaults:5 | Noticed Xtahua
 38431 | Vaults:5 | Killed Xtahua
 38434 | Vaults:5 | Noticed a golden dragon
 38447 | Vaults:5 | Killed a golden dragon
 38467 | Vaults:5 | Noticed a golden dragon
 38478 | Vaults:5 | Killed a golden dragon
 38478 | Vaults:5 | HP: 6/201 [storm dragon/bolt of lightning (27)]
 38496 | Vaults:5 | HP: 8/202 [titan (20)]
 38554 | Vaults:5 | Got the Vellum of Beguiling and Allies
 38577 | Vaults:5 | Identified the ring of Discretion {Ice Will+ Int+4}
 38807 | Vaults:5 | Identified the +7 spear of the Painted God {heavy, rC-
                  | rN+++ Int-4 SInv}
 38823 | Vaults:5 | Reached XP level 22. HP: 132/211 MP: 22/22
 38834 | Vaults:5 | Noticed a golden dragon
 38854 | Vaults:5 | Killed a golden dragon
 38856 | Vaults:5 | Noticed a golden dragon
 38862 | Vaults:5 | Killed a golden dragon
 39032 | Vaults:5 | Got Sif Muna's Annotations on Transfiguration
 39252 | Vaults:5 | Noticed a dread lich
 39264 | Vaults:5 | Killed a dread lich
 39311 | Vaults:5 | Got a silver rune of Zot
 39355 | Vaults:5 | Identified the staff "Bijitz" {rPois rF- rC+ Str+5 Ice
                  | Earth}
 39535 | Vaults:5 | Noticed an ancient lich
 39547 | Vaults:5 | Killed an ancient lich
 40109 | Vaults:5 | Got the Information on Conjury and Air
 40114 | Vaults:5 | Identified the +1 falchion of Disintegration {protect,
                  | *Corrode +Blink Will+ Int+3}
 40554 | Vaults:5 | Acquired 683 gold pieces
 40559 | Vaults:5 | Acquired 742 gold pieces
 40722 | Depths:1 | Entered Level 1 of the Depths
 41653 | Depths:1 | Found a gateway to Hell.
 41665 | Depths:1 | Reached XP level 23. HP: 202/222 MP: 23/23
 42372 | Depths:2 | Noticed Vv
 42390 | Depths:2 | Killed Vv
 42498 | Depths:2 | Found Amiamoir's Assorted Antiques.
 42507 | Depths:2 | Bought a pair of embroidered boots for 270 gold pieces
 42589 | Depths:2 | Found a one-way gateway to a ziggurat.
 42675 | Depths:2 | Found a runed translucent door.
 42717 | Depths:2 | Found a one-way gate leading to the halls of Pandemonium.
 43028 | Depths:2 | Got the Parchment of Chilblains and the Lungs
 43031 | Depths:2 | Identified the +9 triple crossbow of Okawaru, Healing
                  | {elec, rC+}
 43069 | Depths:3 | Noticed the Enchantress
 43101 | Depths:3 | Killed the Enchantress
 43597 | Depths:3 | Found a one-way gate to the infinite horrors of the Abyss.
 43611 | Depths:3 | Noticed Sojobo
 43611 | Depths:3 | Noticed Agnes
 43612 | Depths:3 | Noticed Asterion
 43613 | Depths:3 | Noticed Rupert
 43619 | Depths:3 | Killed Sojobo
 43624 | Depths:3 | Killed Agnes
 43637 | Depths:3 | Killed Asterion
 43645 | Depths:3 | Killed Rupert
 44080 | Depths:3 | Found the +2 cloak of the Thief {*Fog Slay-2 SInv Stlth+}
 44085 | Depths:3 | Found a shadowy altar of Dithmenos.
 44592 | Depths:3 | Identified the +1 scale mail of Complete Protection {rPois
                  | Str+4}
 44718 | Depths:4 | Entered Level 4 of the Depths
 44764 | Depths:4 | Reached XP level 24. HP: 234/235 MP: 23/23
 45302 | Depths:4 | Noticed Mennas
 45318 | Depths:4 | Killed Mennas
 45530 | Depths:4 | Found a gate to the Realm of Zot.
 45727 | Depths:4 | Noticed Parghit
 45735 | Depths:4 | Killed Parghit
 45893 | Zot:1    | Entered Level 1 of the Realm of Zot
 47325 | Zot:2    | Identified the +2 buckler of Obuwkiu {Slay+3}
 47908 | Zot:3    | You fall into a shaft and drop 1 floor!
 49067 | Zot:4    | Noticed a curse toe
 49089 | Zot:4    | Killed a curse toe
 49359 | Zot:3    | Reached XP level 25. HP: 182/248 MP: 23/23
 49536 | Zot:3    | Found a runed translucent gate.
 49536 | Zot:3    | Found a runed translucent gate.
 49536 | Zot:3    | Found a runed translucent gate.
 49537 | Zot:3    | Found an opulent altar of Gozag.
 49538 | Zot:3    | Noticed ShutUppercut's ghost (legendary DsGl)
 49973 | Zot:3    | Found Xolloana's Assorted Antiques.
 50425 | Zot:5    | Entered Level 5 of the Realm of Zot
 50460 | Zot:5    | Found a transporter.
 50821 | Zot:5    | Noticed an orb of fire
 50821 | Zot:5    | Noticed a dread lich
 50821 | Zot:5    | Noticed a Killer Klown
 50821 | Zot:5    | Noticed a Killer Klown
 50821 | Zot:5    | Noticed an orb of fire
 50821 | Zot:5    | Noticed a Killer Klown
 50822 | Zot:5    | Noticed a Killer Klown
 50823 | Zot:5    | Noticed a Killer Klown
 50827 | Zot:5    | Got the Orb of Zot
 50831 | Zot:5    | Noticed an orb of fire
 50831 | Zot:5    | Noticed a Killer Klown
 50831 | Zot:5    | Noticed a Killer Klown
 50900 | Zot:2    | Noticed a seraph
 51014 | Depths:2 | Noticed Etseal the pandemonium lord
 51386 | D:$      | Escaped with the Orb!

Illustrated notes

Levels and vault maps discovered:
D:1:      heliophobic_arrival_ceremonial_halls, layout_basic, serial_shops,
          nicolae_shop_behind_doors
D:2:      layout_basic, basic_altar, shapermc_ecumenical_altar_gd,
          nicolae_figureground_pulse
D:3:      layout_loops_corners, kennysheep_minor_cross
D:4:      layout_cave_pods, hellmonk_ghost_happy_afterlife
D:5:      layout_gridville, lemuel_temple_firewalk_a, dk_vineyard_2,
          uniq_grinder, uniq_ijyb
D:6:      layout_basic, serial_shops, shop
D:7:      layout_cave_pools, tso_altar, serial_shops, shop, minmay_door_square,
          nrook_pool_corridor, uniq_maggie, uniq_pikel, uniq_jeremiah
D:8:      layout_loops_ring, kennysheep_mini_moat, nicolae_overflow_squiral
D:9:      layout_rooms, nzn_hepliaklqana_mist_gate
D:10:     hangedman_cross_cluster, layout_basic, xom_butterflies,
          lair_entry_dummy, serial_shops,
          nicolae_shop_temple_entry_statues_fountains, enter_bailey_3,
          uniq_maurice, uniq_psyche
D:11:     layout_roguey, minmay_tree_intersection, nicolae_uskayaw_dance_hall
D:12:     layout_loops_cross, serial_shops, shop
D:13:     minmay_glassy_protrusions, layout_layer_cave,
          nicolae_trove_entry_crystal
D:14:     layout_irregular_city, hellmonk_vaults_order_and_chaos,
          grunt_dithmenos_smoke_and_mirrors, uniq_louise
D:15:     gammafunk_depths_entry_grave, layout_basic,
          hangedman_cracks_in_the_wall
Temple:   kb_temple_of_zot
Lair:1:   layout_cave_pods
Lair:2:   layout_cellular_growth, grunt_megastairs_4, serial_bayou_shore_a
Lair:3:   layout_long_grid, minmay_shoals_entry_hut,
          guppyfry_snake_entry_island, enter_volcano_3,
          gammafunk_ghost_necromancy, lemuel_fruit_fields, serial_bayou_shore_b
Lair:4:   layout_cave_pods, slime_entry_2, minmay_stone_trees_small,
          beast_lair_carwin_1
Lair:5:   minmay_lair_end_enchanted_forest, layout_long_grid
Shoals:1: layout_shoals, serial_shops, shop, nicolae_shoals_land_atoll
Shoals:2: layout_shoals, nicolae_shoals_former_cling_halls
Shoals:3: layout_shoals
Shoals:4: shoals_end_simple, layout_shoals, uniq_donald, uniq_nikola
Snake:1:  layout_chambers
Snake:2:  layout_misc_corridors
Snake:3:  nicolae_snake_crotalidae_crossing, layout_layer_cave, uniq_aizul,
          uniq_azrael
Snake:4:  snake_pit_salamanders_mu, layout_onion_interference,
          nicolae_snake_linked_coils, nicolae_snake_gridmaze_swirls,
          grunt_ministairs_2, nicolae_snake_snake_lake, drop_trap
Orc:1:    layout_diamond_mine
Orc:2:    st_orc_town, layout_diamond_mine
Vaults:1: nicolae_vaults_trapezoid_4, nicolae_vaults_corridor_and_loot_room,
          nicolae_vaults_little_squares_1, v_pattern_2, v_misc_5,
          grunt_vaults_bifocal, v_misc_29, nicolae_vaults_tetromino_T_1,
          ontoclasm_vaults_spin, vaults_dpeg_encased_lava, vaults_mumra_lcd,
          nicolae_vaults_double_plus_2, nicolae_vaults_apartment_1,
          nicolae_vaults_little_squares_3, layout_vaults_chaotic_city,
          serial_shops, nicolae_square_shop
Vaults:2: ebering_ghost_xom, nicolae_vaults_apartment_2,
          hangedman_vaults_restitches, vaults_dpeg_ring,
          nicolae_vaults_storage_closets_2, hangedman_vaults_slice,
          v_alt_pattern_5, nicolae_vaults_sightless_eye,
          nicolae_vaults_closet_pinwheel_5, layout_vaults_omnigrid,
          serial_shops, nicolae_shop_trees, uniq_norris, uniq_zenata
Vaults:3: nicolae_vaults_meiosis, nicolae_vaults_closet_pinwheel_5,
          nicolae_vaults_fighting_squares, minmay_crypt_entry_simple_box,
          v_misc_10, nicolae_vaults_network_barrier, v_misc_22, v_misc_16,
          nicolae_vaults_trapezoid_lopsided_4, ontoclasm_vaults_decontamination,
          vaults_room_stairs_pillars, nicolae_vaults_ninety_degrees,
          layout_vaults_maze
Vaults:4: nicolae_vaults_shock_wave, v_misc_28, v_misc_30,
          ontoclasm_vaults_shuriken, nicolae_vaults_network_square,
          nicolae_vaults_yaktaur_gun_rack, hangedman_vaults_pinch,
          nicolae_vaults_tetromino_Z_1, ontoclasm_vaults_loading_screen,
          layout_vaults_omnibox
Vaults:5: serial_shops, uniq_xtahua
Crypt:1:  layout_rooms, mu_enter_wizlab_1, grunt_ministairs_10,
          grunt_crypt_arrival_split
Depths:1: layout_gridville, grunt_mini_vestibule,
          chequers_serial_rivers_small_a, hangedman_decor_clover_reticule,
          hellmonk_scarab_ruin
Depths:2: minmay_gate_of_8, layout_cave_pools, enter_ziggurat_e, hell_entry,
          rand_demon_pan_entry_1, serial_shops, shop, minmay_misc_feat_x,
          uniq_vv
Depths:3: regret_index_dithmenos_brocken_genspenst, layout_cave_pools,
          abyss_entry_crystal, pf_hell_entry_great_geh, minmay_misc_feat_tiny,
          sword_in_stone, infiniplex_staircase_x, serial_bayou_shore_b,
          uniq_enchantress
Depths:4: grunt_zot_entry_alcove, layout_cave_pools, good_gods_temple_1,
          hell_entry, abyss_entry, rand_demon_pan_entry_4, uniq_parghit,
          uniq_mennas
Zot:1:    minmay_elemental_castle, layout_onion
Zot:2:    layout_misc_corridors, regret_index_zotdec_twisting_globes
Zot:3:    layout_basic, regret_index_zotdec_ex, ebering_ghost_gozag,
          bh_zot_lava_cross, st_stairs_3
Zot:4:    layout_gridlike
Zot:5:    layout_misc_corridors, regret_index_zotdec_onion_hex,
          nicolae_diode_stairs

Skill      XL: |  1  2  3  4  5  6  7  8  9 10 11 12 13 14 15 16 17 18 19 20 21 22 23 24 25 |
---------------+----------------------------------------------------------------------------+-----
Unarmed Combat | 4 5 6 7 8 10 13 18 20 22 24 26 27 | 27.0
Armour         | 5 8 10 12 13 15 16 17 18 19 20 21 | 21.8
Fighting       | 7 10 13 14 16 18 19 20 21 23 24 25 | 25.7
Shields        | 4 8 10 13 14 15 16 17 18 19 20 | 20.0
Dodging        | |  2.6

Action                     |  1- 3 |  4- 6 |  7- 9 | 10-12 | 13-15 | 16-18 | 19-21 | 22-24 | 25-27 || total
---------------------------+-------+-------+-------+-------+-------+-------+-------+-------+-------++-------
  Melee: Unarmed           |    80 |   132 |   230 |   441 |   815 |  1248 |  1195 |  1430 |   238 ||  5809
 Invoke: Serpent's Lash    |       |       |       |     5 |     2 |     6 |     7 |    13 |     5 ||    38
         Heavenly Storm    |       |       |       |       |       |     1 |     1 |     2 |     1 ||     5
Ability: Lunge             |       |       |    14 |    43 |    76 |   112 |    98 |    86 |    19 ||   448
         Whirlwind         |       |       |    14 |    41 |    17 |    96 |   138 |   202 |    30 ||   538
         Wall Jump         |       |       |       |     2 |       |     2 |     2 |       |     1 ||     7
  Evoke: Wand              |       |       |       |     7 |       |       |       |       |       ||     7
    Use: Scroll            |       |       |     5 |     1 |       |     7 |    14 |     9 |     7 ||    43
         Potion            |       |       |       |       |       |       |     2 |       |     4 ||     6
   Stab: Petrifying        |       |       |       |       |     1 |       |       |       |       ||     1
         Distracted        |       |       |       |       |       |       |     1 |     1 |       ||     2
 Armour: Robe              |    28 |    19 |       |       |       |       |       |       |       ||    47
         Plate armour      |       |    83 |   183 |    23 |   481 |   664 |   512 |    86 |       ||  2032
         Chain mail        |       |       |       |   238 |       |       |       |       |       ||   238
         Gold dragon scale |       |       |       |       |       |       |       |   720 |   164 ||   884
  Dodge: Dodged            |    46 |    53 |    64 |   129 |   185 |   211 |   157 |   193 |    31 ||  1069
  Block: Kite shield       |       |       |       |       |       |   716 |   115 |       |       ||   831
         Reflection        |       |       |       |       |       |    87 |    96 |       |       ||   183
         Tower shield      |       |       |       |       |       |       |   813 |   906 |   118 ||  1837
